 Dungeon Crawl Stone Soup version 0.31-a0-202-g547052bce9 (webtiles) character file.

Game seed: 7413240485584494307

103 qw the Shooter (level 4, 0/25 HPs)
             Began as a Deep Elf Hunter on June 26, 2023.
             Slain by Jessica
             ... wielding a +0 dagger
              (5 damage)
             ... on level 2 of the Dungeon.
             The game lasted 00:00:46 (1357 turns).

qw the Shooter (Deep Elf Hunter)                    Turns: 1357, Time: 00:00:46

Health: 0/25       AC:  4    Str: 10    XL:     4   Next: 51%
Magic:  6/6        EV: 12    Int: 14    God:
Gold:   160        SH:  0    Dex: 18    Spells: 3/3 levels left

rFire   . . .        Y - +0 shortbow
rCold   . . .        (shield currently unavailable)
rNeg    . . .        c - +0 leather armour
rPois   .            (no helmet)
rElec   .            e - +0 cloak
rCorr   .            (no gloves)
SInv    .            (no boots)
Will    .....        (no amulet)
Stlth   ++           (no ring)
HPRegen 0.24/turn    (no ring)
MPRegen 0.10/turn

%: no passive effects
@: no status effects
A: no striking features
a: no special abilities


You were on level 2 of the Dungeon.
You visited 1 branch of the dungeon, and saw 2 of its levels.

You collected 160 gold pieces.


   Skills:
 - Level 1.5 Fighting
 + Level 7.9 Ranged Weapons
 - Level 2.4 Dodging
 - Level 1.2 Stealth


You had 3 spell levels left.
You didn't know any spells.
Your spell library was empty.

Inventory:

Hand Weapons
 Y - a +0 shortbow (weapon)
Armour
 b - a +0 ring mail
 c - a +0 leather armour (worn)
 e - a +0 cloak (worn)
Scrolls
 d - a scroll of noise {unknown}
Potions
 a - a potion of lignification {unknown}
 f - a potion of curing
 g - a potion of magic {unknown}

Dungeon Overview and Level Annotations

Branches:
Dungeon (2/15)

Altars:

Annotations:
D:2 Jessica


Message History

The quokka closely misses you.
You shoot an arrow. The arrow hits the quokka.
The quokka is heavily wounded.
Jessica gestures wildly.
The quokka closely misses you.
Jessica looks very angry.
You shoot an arrow. The arrow closely misses the quokka.
The arrow closely misses Jessica.
The quokka closely misses you. The quokka misses you.
You shoot an arrow. The arrow hits the quokka.
The quokka is severely wounded.
Jessica mumbles some strange words.
Jessica blinks!
The quokka twitches its whiskers.
The quokka bites you but does no damage.
You shoot an arrow. The arrow closely misses the quokka.
The quokka bites you. Jessica gestures at you while chanting.
You barely resist. You shoot an arrow. The arrow barely misses the quokka.
The quokka closely misses you.
You shoot an arrow. The arrow hits the quokka.
You kill the quokka!
Jessica barely misses you. x2
You shoot an arrow.
The arrow hits Jessica but does no damage.
Jessica closely misses you.
You shoot an arrow. The arrow barely misses Jessica.
Jessica misses you. Jessica barely misses you.
You shoot an arrow. The arrow barely misses Jessica.
Jessica hits you with a +0 dagger.
You shoot an arrow. The arrow closely misses Jessica.
Jessica barely misses you. Jessica gestures at you while chanting.
Pain shoots through your body!
You shoot an arrow. The arrow barely misses Jessica.
Jessica hits you with a +0 dagger.
Jessica mumbles something strange.
Jessica hits you with a +0 dagger.
You die...

#...................#...
###...................#...
#.....................####
#.#...................#
#.....................#
##..#####..............#
#..##...##.............#
#..#.....#.@......
#..#.....%@.##
#..#.....#..# .
#..##!.?##..##..#
##..#####......#
#..........####
#..^....#.## #.##......#
#....###### ######


You could see Jessica (fast).

Vanquished Creatures
  2 adders (D:2)
  4 dart slugs
  5 ball pythons
  4 bats
  7 endoplasms
  2 giant cockroaches
  2 goblins (D:1)
  9 hobgoblins
  10 jackals (D:2)
  8 kobolds
  4 quokkas
  5 frilled lizards
  3 rats (D:1)
65 creatures vanquished.

Notes
Turn   | Place    | Note
-------+----------+-------------------------------------------
     0 | D:1      | qw the Deep Elf Hunter began the quest for the Orb.
     0 | D:1      | Reached XP level 1. HP: 12/12 MP: 3/3
     0 | D:1      | 0 ||| qw: Version: 0.3-a-22-g0ed2b0b
     0 | D:1      | 0 ||| qw: Game counter: 5748
     0 | D:1      | 0 ||| qw: Melee chars always use a shield: true
     0 | D:1      | 0 ||| qw: God list: Okawaru
     0 | D:1      | 0 ||| qw: Allow faded altars: false
     0 | D:1      | 0 ||| qw: Do Orc after clearing Dungeon:15 true
     0 | D:1      | 0 ||| qw: Do second Lair branch before Depths: true
     0 | D:1      | 0 ||| qw: Lair rune preference: random
     0 | D:1      | 0 ||| qw: Goals: Normal
     0 | D:1      | 0 ||| PLANNING D:1-11
    91 | D:1      | Reached skill level 6 in Ranged Weapons
    91 | D:1      | Reached XP level 2. HP: 16/16 MP: 4/4
   126 | D:1      | Found a faded altar of an unknown god.
   218 | D:1      | Reached XP level 3. HP: 20/20 MP: 5/5
   728 | D:1      | 728 ||| UPGRADING to +0 cloak.
   733 | D:1      | 733 ||| READING 2 scrolls labelled EHUTUJ RAPRUICK.
   734 | D:1      | 734 ||| READING scroll labelled BYSTROZXU WUTOX.
   735 | D:1      | 735 ||| DRINKING 2 black potions.
   736 | D:1      | 736 ||| DROPPING scroll of fear.
   737 | D:1      | 737 ||| DROPPING scroll of butterflies.
   793 | D:2      | Reached skill level 7 in Ranged Weapons
   799 | D:2      | Identified the staff "Rumewitoi" {rN+ Int-4 Dex+6 Necro}
   954 | D:2      | Reached XP level 4. HP: 25/25 MP: 6/6
  1340 | D:2      | Noticed Jessica
  1357 | D:2      | HP: 5/25 [Jessica/+0 dagger (4)]
  1357 | D:2      | Slain by Jessica

Levels and vault maps discovered:
D:1:      minmay_arrival_radiant_lines, layout_loops_ring,
          basic_ecumenical_altar, nicolae_hexahallways, st_stairs_4,
          minmay_tromino_i2
D:2:      layout_basic, nrook_mini_vaults, kennysheep_jessica_study

Skill      XL: |  1  2  3 |
---------------+----------+-----
Ranged Weapons | 6 7 |  7.9
Fighting       | |  1.5
Dodging        | |  2.4
Stealth        | |  1.2

Action                     |  1- 3 |  4- 6 || total
---------------------------+-------+-------++-------
   Fire: Shortbow          |   111 |    89 ||   200
    Use: Scroll            |     2 |       ||     2
         Potion            |     1 |       ||     1
 Armour: Leather armour    |     8 |    25 ||    33
  Dodge: Dodged            |    24 |    36 ||    60

Table legend:
 A = Non-vault XP
 B = Vault XP
 C = Vault XP percentage of total XP
 D = Non-vault monster count
 E = Vault monster count
 F = Vault count percentage of total count
                 A         B        C        D         E       F
            +---------+---------+-------+---------+---------+-------
      Total |     141 |       7 |   4.7 |      61 |       4 |   6.2
            +---------+---------+-------+---------+---------+-------
        D:1 |      56 |       5 |   8.2 |      29 |       3 |   9.4
        D:2 |      85 |       2 |   2.3 |      32 |       1 |   3.0
            +---------+---------+-------+---------+---------+-------
